 Dungeon Crawl Stone Soup version 0.27-a0-906-g0a00ce863d (webtiles) character file.

Game seed: 6623388111056978862

223 porpoise the Digger (level 5, -6/38 HPs)
             Began as a Demigod Earth Elementalist on Apr 7, 2021.
             Mangled by Duvessa
             ... wielding a +0 short sword
              (15 damage)
             ... on level 4 of the Dungeon.
             The game lasted 00:20:39 (8186 turns).

porpoise the Digger (Demigod Earth Elementalist)    Turns: 8186, Time: 00:20:40

Health: -6/38      AC:  2    Str:  9    XL:     5   Next: 39%
Magic:  4/13       EV: 12    Int: 21    God:
Gold:   7          SH:  0    Dex: 14    Spells: 7/11 levels left

rFire    . . .     SeeInvis .   a - +0 short sword (vamp)
rCold    . . .     Faith    .   (no shield)
rNeg     . . .     Spirit   .   c - +0 robe
rPois    .         Reflect  .   (no helmet)
rElec    .         Harm     .   (no cloak)
rCorr    .         Rampage  .   (no gloves)
Will     .....                  (no boots)
Stlth    ++........             (no amulet)
HPRegen  0.12/turn              (no ring)
MPRegen  0.13/turn              (no ring)

@: very slightly contaminated, invisible
A: high mp 1, forlorn
a: no special abilities


You were on level 4 of the Dungeon.
You visited 1 branch of the dungeon, and saw 4 of its levels.
You also visited: Ossuary.

You collected 133 gold pieces.
You spent 126 gold pieces at shops.

Inventory:

Hand Weapons
 a - a +0 vampiric short sword (weapon)
 b - a +0 hunting sling
Missiles
 d - 8 stones
 h - 7 curare-tipped darts
 l - 39 arrows
 o - 27 sling bullets
 r - a throwing net
 s - 27 bolts
 y - 5 boomerangs
Armour
 c - a +0 robe (worn)
 q - a +2 buckler
Magical Staves
 m - a staff of air
Scrolls
 e - a scroll of enchant weapon {unknown}
 n - a scroll of fear
 u - a scroll of magic mapping {unknown}
 x - a scroll of blinking {unknown}
Potions
 f - 3 potions of curing
 g - a potion of flight {unknown}
 i - 2 potions of resistance
 j - a potion of might
 k - 3 potions of brilliance
 p - a potion of attraction
 v - a potion of ambrosia {unknown}
 w - 3 potions of heal wounds {unknown}


   Skills:
 - Level 1.7 Dodging
 - Level 1.7 Stealth
 + Level 3.7 Spellcasting
 - Level 0.8 Transmutations
 + Level 4.5 Earth Magic


You had 7 spell levels left.
You knew the following spells:

 Your Spells              Type           Power      Damage    Failure   Level
a - Sandblast             Erth           46%        2d11      1%          1
b - Stone Arrow           Conj/Erth      26%        3d8       14%         3

Your spell library contained the following spells:

 Spells                   Type           Power      Damage    Failure   Level
 Passwall                 Tmut/Erth      12%        N/A       6%          2
 Animate Skeleton         Necr           6%         N/A       12%         1
 Apportation              Tloc           6%         N/A       12%         1
 Corona                   Hex            3%         N/A       12%         1
 Summon Small Mammal      Summ           12%        N/A       12%         1
 Confusing Touch          Hex            3%         N/A       36%         3
 Gell's Gravitas          Tloc           1%         N/A       36%         3
 Petrify                  Tmut/Erth      15%        N/A       38%         4
 Lee's Rapid Deconstruct  Erth           11%        3d9*      45%         5
 Yara's Violent Unravell  Hex/Tmut       2%         3d3       96%         5
 Metabolic Englaciation   Hex/Ice        1%         N/A       98%         5


Dungeon Overview and Level Annotations

Branches:
Dungeon (4/15)            Ossuary (visited)
 Temple: D:4-7

Shops:
D:3 *

Annotations:
D:3 3 runed translucent doors, Papr's ghost, amateur DjCj
D:4 Duvessa


Innate Abilities, Weirdness & Mutations

Your attributes grow dramatically as you level up.
You have an increased reservoir of magic. (+10% MP)
You shall have no god before yourself.


Message History

Aim: Duvessa, wielding a +0 short sword and wearing a +0 leather armour (moderately wounded, berserk, 17% to evade)
The blast of sand hits Duvessa but does no damage.
Duvessa is moderately wounded.
Duvessa hits you with a +0 short sword!
Casting: Sandblast (safe; 1% risk of failure)
Confirm with . or Enter, or press ? or * to list all spells.
The spell is quite dangerous to cast (14% risk of failure)!
Continue anyway?
Okay, then.
Casting: Stone Arrow (quite dangerous; 14% risk of failure)
Confirm with . or Enter, or press ? or * to list all spells.
The spell is quite dangerous to cast (14% risk of failure)!
Continue anyway?
Aiming: Stone Arrow (quite dangerous; 14% risk of failure)
Press: ? - help, Shift-Dir - straight line, f/p - Duvessa
Aim: Duvessa, wielding a +0 short sword and wearing a +0 leather armour (moderately wounded, berserk, 28% to evade)
The stone arrow hits Duvessa!
Duvessa is heavily wounded.
Duvessa hits you with a +0 short sword! x2
* * * LOW HITPOINT WARNING * * *
Your magical contamination has completely faded away.
You feel better. Duvessa closely misses you.
You fade into invisibility!
Duvessa closely misses you.
A worm comes into view.
Duvessa closely misses you.
You are very lightly contaminated with residual magic.
Duvessa rages.
You hit Duvessa.
You feel better.
Duvessa is heavily wounded.
Duvessa hits you with a +0 short sword. Duvessa closely misses you.
You catch the helpless Duvessa completely off-guard!
You hit Duvessa.
Duvessa is heavily wounded.
You hit Duvessa.
You feel better.
Duvessa is severely wounded.
Duvessa hits you with a +0 short sword!
* * * LOW HITPOINT WARNING * * *
You hit Duvessa.
Duvessa is severely wounded.
Duvessa hits you with a +0 short sword!
You die...

#### #'.## .#..#####
####
.##.....#######..##
.##.....#.......@w#
###..)..#.#######e.#
.##รท......# #.#
.##......## ..#
.#......## .#
#'...)[.# ..
..#.......# .#
#...####### .. ..###


You could see Duvessa (berserk) and a worm.

Vanquished Creatures
  Dowan (D:4)
  An iguana (D:4)
  A mummy (Ossuary)
  3 adders
  A worm (D:2)
  A dart slug (D:1)
  3 orcs (D:3)
  5 spectral bats (Ossuary)
  3 ball pythons
  3 bats
  8 endoplasms
  4 giant cockroaches
  12 gnoll zombies (Ossuary)
  4 hobgoblins
  2 jackals (D:3)
  2 quokkas (D:1)
  A bat simulacrum (Ossuary)
  5 frilled lizards
  3 goblins
  A goblin simulacrum (Ossuary)
  2 goblin zombies (Ossuary)
  2 hobgoblin zombies (Ossuary)
  3 kobolds
  2 kobold simulacra (Ossuary)
  9 kobold zombies (Ossuary)
  5 orc zombies (Ossuary)
  6 rats
  4 rat simulacra (Ossuary)
  2 spectral goblins (Ossuary)
  2 spectral kobolds (Ossuary)
  3 spectral rats (Ossuary)
104 creatures vanquished.

Notes
Turn   | Place    | Note
-------+----------+-------------------------------------------
     0 | D:1      | porpoise the Demigod Earth Elementalist began the quest for
                  | the Orb.
     0 | D:1      | Reached XP level 1. HP: 14/14 MP: 5/5
   719 | D:1      | Reached skill level 3 in Earth Magic
   947 | D:1      | Reached XP level 2. HP: 16/20 MP: 5/7
  2425 | D:1      | Reached XP level 3. HP: 24/26 MP: 7/9
  2560 | D:1      | Learned a level 3 spell: Stone Arrow
  4298 | D:3      | Found a runed translucent gate.
  4299 | D:3      | Found a runed translucent gate.
  4301 | D:3      | Found a runed translucent gate.
  4302 | D:3      | Noticed Papr's ghost (amateur DjCj)
  4398 | D:3      | Reached XP level 4. HP: 33/33 MP: 8/11
  4838 | D:3      | Found Ydirumit's Assorted Antiques.
  4843 | D:3      | Bought a black potion for 24 gold pieces
  4843 | D:3      | Bought a scroll labelled YSOCAU YDIOSH for 27 gold pieces
  4843 | D:3      | Bought a scroll labelled DEUTROH GACYUC for 27 gold pieces
  4843 | D:3      | Bought a sedimented green potion for 24 gold pieces
  4843 | D:3      | Bought a fizzy coppery potion for 24 gold pieces
  4949 | D:4      | Found a sand-covered staircase.
  4964 | D:4      | Reached skill level 4 in Earth Magic
  5031 | Ossuary  | Entered an ossuary
  7486 | Ossuary  | Reached XP level 5. HP: 38/38 MP: 2/13
  8171 | D:4      | Noticed Dowan
  8174 | D:4      | Killed Dowan
  8174 | D:4      | Noticed Duvessa
  8186 | D:4      | Mangled by Duvessa

Illustrated notes

Levels and vault maps discovered:
D:1:      minmay_arrival_diagonal_passages, layout_basic
D:2:      layout_loops_cross, fountainhead
D:3:      layout_basic, gammafunk_ghost_split, serial_shops,
          nicolae_shop_statue_plus
D:4:      layout_rooms, nicolae_ossuary_entry_false_entrances, uniq_duvessa

Skill      XL: |  1  2  3  4 |
---------------+-------------+-----
Spellcasting   | 2 3 |  3.7
Earth Magic    | 3 4 |  4.5
Dodging        | |  1.7
Stealth        | |  1.7
Transmutations | |  0.8

Action                   |  1- 3 |  4- 6 || total
-------------------------+-------+-------++-------
Melee: Dagger            |    23 |       ||    23
       Short sword       |    75 |    70 ||   145
 Fire: Hunting sling     |    13 |    50 ||    63
 Cast: Sandblast         |    35 |    63 ||    98
       Stone Arrow       |       |     2 ||     2
  Use: Scroll            |       |     7 ||     7
       Potion            |       |     2 ||     2
 Stab: Sleeping          |     3 |     3 ||     6
       Invisible         |       |     1 ||     1
Armor: Robe              |    14 |    22 ||    36
Dodge: Dodged            |    83 |    55 ||   138

Table legend: (Time is in decaauts)
 A = Elapsed time spent in this place.
 B = Non-inter-level travel time spent in this place.
 C = Inter-level travel time spent in this place.
 D = Time resting spent in this place.
 E = Time spent auto-exploring this place.
 F = Levels seen in this place.
 G = Mean time per level.
                   A        B        C        D        E       F      G
               +--------+--------+--------+--------+--------+-----+--------+
         Total |   8205 |   8127 |     78 |   5449 |   1689 |   5 | 1641.0 |
       Dungeon |   5078 |   5000 |     78 |   2930 |   1581 |   4 | 1269.5 |
       Ossuary |   3127 |   3127 |      0 |   2519 |    108 |   1 | 3127.0 |
               +--------+--------+--------+--------+--------+-----+--------+

Top non-repeatable levels by time:
 Ossuary: 3127 daAuts
     D:1: 2437 daAuts
     D:2: 1538 daAuts
     D:3: 967 daAuts
     D:4: 135 daAuts
